 Dungeon Crawl Stone Soup version 0.29-a0-334-gb41bcbb86e (webtiles) character file.

Game seed: 7951056490513086331

493 siradein the Ogre Mage (level 7, -3/59 HPs)
             Began as an Ogre Air Elementalist on Apr 13, 2022.
             Slain by a two-headed ogre
             ... wielding a +0 giant spiked club
              (40 damage)
             ... on level 4 of the Dungeon.
             The game lasted 00:15:32 (6035 turns).

siradein the Ogre Mage (Ogre Air Elementalist)      Turns: 6035, Time: 00:15:34

Health: -3/59      AC:  3    Str: 13    XL:     7   Next: 15%
Magic:  10/13      EV: 10    Int: 18    God:
Gold:   162        SH:  0    Dex:  9    Spells: 7/15 levels left

rFire   . . .      SeeInvis .   h - +0 trident
rCold   . . .      Faith    .   (no shield)
rNeg    + . .      Spirit   .   a - +0 robe
rPois   .          Reflect  .   (helmet restricted)
rElec   .          Harm     .   (no cloak)
rCorr   .          Rampage  .   (gloves unavailable)
Will    .....                   (boots unavailable)
Stlth   +.........              f - amulet of the acrobat
HPRegen 0.19/turn               l - ring of positive energy
MPRegen 0.13/turn               w - +4 ring of slaying

@: very slightly contaminated
A: large, unfitting armour, tough skin 1
a: no special abilities


You were on level 4 of the Dungeon.
You visited 1 branch of the dungeon, and saw 5 of its levels.

You collected 162 gold pieces.

Inventory:

Hand Weapons
 h - a +0 trident (weapon)
Armour
 a - a +0 robe (worn)
Jewellery
 f - an amulet of the acrobat (around neck)
 l - a ring of positive energy (left hand)
 w - a +4 ring of slaying (right hand)
Wands
 n - a wand of flame (5)
 v - a wand of paralysis (7)
Scrolls
 d - a scroll of torment {unknown}
 e - a scroll of amnesia {unknown}
 g - a scroll of silence {unknown}
 i - a scroll of magic mapping {unknown}
 k - 2 scrolls of teleportation {unknown}
 m - a scroll of enchant armour {unknown}
 o - a scroll of vulnerability {unknown}
 p - 3 scrolls of identify {unknown}
 q - a scroll of brand weapon {unknown}
 s - a scroll of immolation {unknown}
 t - a scroll of fog {unknown}
 u - a scroll of fear {unknown}
Potions
 b - a potion of magic
 c - 2 potions of brilliance {unknown}
 j - 2 potions of heal wounds {unknown}
 r - a potion of flight {unknown}
 x - a potion of curing {unknown}
 z - a potion of attraction {unknown}


   Skills:
 + Level 3.6 Dodging
 - Level 1.4 Stealth
 + Level 4.6 Spellcasting
 + Level 3.2 Conjurations
 + Level 4.2 Air Magic


You had 7 spell levels left.
You knew the following spells:

 Your Spells              Type           Power      Damage    Failure   Level
a - Shock                 Conj/Air       68%        1d7       3%          1
b - Swiftness             Air            19%        N/A       8%          3
c - Airstrike             Air            9%         N/A       24%         4

Your spell library contained the following spells:

 Spells                   Type           Power      Damage    Failure   Level
 Static Discharge         Conj/Air       17%        N/A       4%          2
 Dazzling Flash           Conj/Hex       20%        N/A       22%         3
 Iskenderun's Mystic Bla  Conj/Tloc      10%        2d4       56%         4
 Starburst                Conj/Fire      5%         6d4       100%        6


Dungeon Overview and Level Annotations

Branches:
Dungeon (5/15)
 Temple: D:4-7

Altars:

Shops:
D:1 [


Innate Abilities, Weirdness & Mutations

You are too large for most types of armour.
You have tough skin. (AC +1)


Message History

The gnoll barely misses you.
The zap hits the gnoll.
The gnoll is severely wounded.
The zap hits the gnoll!
You kill the gnoll!
A gnoll sergeant comes into view.
It is wielding a +6 spear of distortion.
The gnoll sergeant hits you from afar with a +6 spear of distortion!
Space warps around you.
You climb upwards.
There is a stone staircase leading down, spattered with blood here.
Things that are here:
a +0 spear; an adder corpse
There is a stone staircase leading down here.
You start resting.
Magic restored.
You start resting.
HP restored.
You climb downwards.
There is a stone staircase leading up here.
The two-headed ogre hits you with a +0 giant spiked club!!
Ouch! That really hurt!
The two-headed ogre closely misses you.
You climb upwards.
There is a stone staircase leading down here.
The two-headed ogre attacks as you move away!
The two-headed ogre closely misses you. x2
Things that are here:
a +0 spear; an adder corpse
There is a stone staircase leading down, spattered with blood here.
There is an open door here.
There is an open door here.
You see here 17 stones.
Casting: Shock (safe; 3% risk of failure)
Confirm with . or Enter, or press ? or * to list all spells.
You miscast Swiftness.
You are very lightly contaminated with residual magic.
Nothing appears to happen.
The two-headed ogre hits you with a +0 giant spiked club!!!
Ouch! That really hurt!
You die...

##.............#........#
.....##...############..#
.....#################..#
##...........#..#....#..#
##...........#..'....#..#
.#...........#..#....#..#
.#..........##..##########
.#..........##..###....>.#
.#.............O@.#......#
.#................#......#
.#................+......#
.#.......^........#......#
.#.......................#
.#..........##.....#######
.#..........######.#
.#...........# ###
.#...........#


You could see a two-headed ogre.

Vanquished Creatures
  Grinder (D:4)
  An orc priest (D:3)
  A hound (D:4)
  An iguana (D:4)
  4 adders
  10 gnolls
  3 worms (D:2)
  A dart slug (D:1)
  3 orcs (D:3)
  8 ball pythons
  A bat (D:1)
  4 endoplasms
  4 giant cockroaches
  2 goblins
  3 hobgoblins
  4 jackals (D:3)
  4 quokkas
  6 frilled lizards
  5 kobolds
  6 rats
72 creatures vanquished.

Vanquished Creatures (others)
  4 fungi (D:1)
4 creatures vanquished.

Grand Total: 76 creatures vanquished

Notes
Turn   | Place    | Note
-------+----------+-------------------------------------------
     0 | D:1      | siradein the Ogre Air Elementalist began the quest for the
                  | Orb.
     0 | D:1      | Reached XP level 1. HP: 16/16 MP: 3/3
    27 | D:1      | Found Zuapa Zeh's Antique Armour Boutique.
   167 | D:1      | Reached skill level 1 in Conjurations
   335 | D:1      | Reached XP level 2. HP: 13/24 MP: 0/5
   882 | D:1      | You fall into a shaft and drop 1 floor!
  1157 | D:2      | Reached XP level 3. HP: 31/31 MP: 2/7
  1958 | D:2      | Reached XP level 4. HP: 39/39 MP: 2/8
  2197 | D:1      | Found a faded altar of an unknown god.
  2849 | D:3      | Reached XP level 5. HP: 16/45 MP: 1/10
  3044 | D:2      | Learned a level 3 spell: Swiftness
  3049 | D:2      | Learned a level 4 spell: Airstrike
  3773 | D:4      | Noticed Grinder
  3783 | D:4      | Paralysed by Grinder for 3 turns
  3803 | D:4      | Paralysed by Grinder for 2 turns
  3807 | D:4      | HP: 2/45 [Grinder (2)]
  3808 | D:4      | Killed Grinder
  3809 | D:4      | Reached XP level 6. HP: 3/53 MP: 0/12
  4313 | D:4      | Identified the +1 leather armour "Ibidyt" {rCorr Str+3}
  5237 | D:5      | Entered Level 5 of the Dungeon
  5243 | D:4      | Reached XP level 7. HP: 40/59 MP: 9/13
  5976 | D:5      | Noticed a two-headed ogre
  6035 | D:4      | Slain by a two-headed ogre

Illustrated notes

Levels and vault maps discovered:
D:1:      dpeg_arrival_pond, layout_loops_ring, serial_shops,
          nicolae_shop_stone, shapermc_ecumenical_altar_acropolis,
          dreamdust_princess_bridge, minmay_shallow_snake_nest
D:2:      layout_loops_ring
D:3:      layout_basic
D:4:      layout_gridville, uniq_grinder
D:5:      layout_loops_corners, minmay_temple_entry_tees, serial_bayou,
          serial_bayou_ford_a, serial_bayou_pond_d, serial_bayou_shore_b,
          serial_bayou_pond_d, minmay_fractal_squares_5

Skill      XL: |  1  2  3  4  5  6 |
---------------+-------------------+-----
Conjurations   | 1 2 3 |  3.2
Dodging        | 2 3 |  3.6
Air Magic      | 3 4 |  4.2
Spellcasting   | 3 4 |  4.6
Stealth        | |  1.4

Action                   |  1- 3 |  4- 6 |  7- 9 || total
-------------------------+-------+-------+-------++-------
Melee: Unarmed           |     2 |       |       ||     2
       Trident           |    20 |    41 |       ||    61
 Cast: Shock             |    66 |    98 |    16 ||   180
Armor: Robe              |     7 |    12 |     3 ||    22
Dodge: Dodged            |    22 |    32 |    20 ||    74

Table legend: (Time is in decaauts)
 A = Elapsed time spent in this place.
 B = Non-inter-level travel time spent in this place.
 C = Inter-level travel time spent in this place.
 D = Time resting spent in this place.
 E = Time spent auto-exploring this place.
 F = Levels seen in this place.
 G = Mean time per level.
                   A        B        C        D        E       F      G
               +--------+--------+--------+--------+--------+-----+--------+
         Total |   6059 |   5856 |    203 |   1019 |   4126 |   5 | 1211.8 |
       Dungeon |   6059 |   5856 |    203 |   1019 |   4126 |   5 | 1211.8 |
               +--------+--------+--------+--------+--------+-----+--------+

Top non-repeatable levels by time:
     D:4: 1957 daAuts
     D:2: 1517 daAuts
     D:1: 1303 daAuts
     D:3: 1254 daAuts
     D:5: 27 daAuts
